[Event "Monday 22January Rapid Engine Tour 12+1 Rounds 9 Starts 1600 ST"]
[Site "Infinity Chess"]
[Date "2018.1.22"]
[Round "3"]
[White "ocirema"]
[Black "SkyPilot"]
[Result "0-1"]
[ECO "B90"]
[WhiteElo "2448"]
[BlackElo "2462"]
[WhiteEngine "asmfish-popcnt-012018-W_CTG"]
[BlackEngine "stockfish_x64_bmi2_2018_01_13_CTG"]
[EventType "Swiss"]
[WhiteTeam ""]
[BlackTeam ""]
[PlyCount "290"]
[TimeControl "720+1"]

1. e4 c5 2. Nf3 d6 3. d4 cxd4 4. Nxd4 Nf6 5. Nc3 a6 6. Be3 e5 7. Nb3 Be6 
8. f3 h5 9. Qd2 Nbd7 10. Nd5 Bxd5 11. exd5 g6 12. Be2 Bg7 13. O-O b6 14. c4 O-O 
15. Rae1 Re8 16. Kh1 Rc8 17. Qd1 a5 18. a4 Rb8 19. Bg5 Nc5 20. Qc2 Nxb3 
21. Qxb3 Qc7 22. Bd3 Nd7 23. Qc2 Nc5 24. b3 Kh7 25. Qb1 Bh6 26. Bh4 Nxd3 
27. Qxd3 f5 28. Re2 Qf7 29. Bf2 Bg7 30. Rb1 Qd7 31. Kg1 Bf6 32. Qc2 Qc7 
33. Qd2 Qd7 34. Qc2 Qc7 35. Qd2 Bg7 36. h3 Bh6 37. Qc3 b5 38. axb5 Rxb5 
39. Be1 Rb4 40. Kh2 Reb8 41. Qc2 R4b7 42. Qa2 Qe7 43. Kh1 Bf4 44. g3 Bh6 
45. Kg2 e4 46. fxe4 fxe4 47. Qc2 e3 48. Bxa5 Rf8 49. h4 Qe8 50. Kh2 Rf3 
51. Rg1 Rbf7 52. Qd3 Qe7 53. Be1 Bg7 54. Kg2 Ba1 55. Kh2 Qe5 56. b4 Bd4 
57. Rgg2 Qf6 58. c5 dxc5 59. bxc5 Bxc5 60. Bc3 Qe7 61. Qc4 Bd6 62. Qd4 Qe8 
63. Be1 Qf8 64. Ra2 Rf1 65. Bc3 Bc5 66. Qd3 Qc8 67. Rae2 Qd8 68. Rxe3 Bxe3 
69. Qxe3 Qxd5 70. Qd4 Qxd4 71. Bxd4 Re7 72. Bc5 Re5 73. Bd6 Re6 74. Rd2 Rfe1 
75. Kh3 R6e2 76. Rxe2 Rxe2 77. Bf4 Kg8 78. Bb8 Kf7 79. Bd6 Kf6 80. Bb4 Kf5 
81. Ba5 Ke4 82. Bc3 Rc2 83. Bb4 Kf3 84. Ba3 Rd2 85. Bb4 Rd1 86. Kh2 Kg4 
87. Bc3 g5 88. hxg5 Rc1 89. Be5 Rc2+ 90. Kg1 Kxg5 91. Bf4+ Kg4 92. Bb8 Rc8 
93. Be5 Rc5 94. Bd6 Rd5 95. Bc7 Rd7 96. Bb8 Rb7 97. Bd6 Ra7 98. Kh2 Ra2+ 
99. Kg1 Rb2 100. Be5 Rb5 101. Bd6 Rb1+ 102. Kg2 Rb2+ 103. Kf1 Rb6 104. Bc7 Rc6 
105. Bb8 Ra6 106. Kg2 Ra2+ 107. Kf1 Ra1+ 108. Kf2 Ra8 109. Bc7 Rc8 110. Bd6 Rc6 
111. Be5 Rc5 112. Bd6 Rc2+ 113. Kf1 Rb2 114. Bc7 Rb1+ 115. Kg2 Rb2+ 116. Kf1 Ra2 
117. Kg1 Kh3 118. Bb8 Ra4 119. Bd6 Rg4 120. Kf2 Kh2 121. Bf4 Kh1 122. Bd6 Rg6 
123. Be5 Rg8 124. Bd6 Rd8 125. Be7 Rd7 126. Bg5 Rf7+ 127. Bf4 Rf8 128. Kf3 Kg1 
129. Ke2 Kg2 130. Ke3 Re8+ 131. Kd2 Kf2 132. Kd1 Rg8 133. g4 Rxg4 134. Bc1 h4 
135. Bb2 Re4 136. Kc2 h3 137. Kd3 Kf3 138. Be5 Rxe5 139. Kd4 Re2 140. Kc5 h2 
141. Kb4 h1=Q 142. Kc3 Qc1+ 143. Kd4 Qc7 144. Kd5 Re1 145. Kd4 Rd1# 0-1

[Event "Monday 22January Rapid Engine Tour 12+1 Rounds 9 Starts 1600 ST"]
[Site "Infinity Chess"]
[Date "2018.1.22"]
[Round "3"]
[White "KhalidOmar"]
[Black "Katzenmaier"]
[Result "1/2-1/2"]
[ECO "C53"]
[WhiteElo "2462"]
[BlackElo "2448"]
[WhiteEngine "Eman 1.66 64-bit BMI2"]
[BlackEngine "SugaR XPrO x64 POPCNT_CTG"]
[EventType "Swiss"]
[WhiteTeam ""]
[BlackTeam ""]
[PlyCount "70"]
[TimeControl "720+1"]

1. e4 e5 2. Nf3 Nc6 3. Bc4 Bc5 4. c3 Nf6 5. d4 exd4 6. e5 d5 7. Bb5 Ne4 
8. cxd4 Bb6 9. O-O Bg4 10. a4 a5 11. Nc3 O-O 12. Bxc6 bxc6 13. h3 Bh5 14. Be3 f6 
15. g4 Bg6 16. exf6 Qxf6 17. Ne5 Rae8 18. Nd7 Qh4 19. Nxf8 Rxf8 20. Kg2 h5 
21. Qe2 c5 22. dxc5 Nxc3 23. bxc3 Be4+ 24. f3 hxg4 25. fxe4 Qxh3+ 26. Kg1 Qg3+ 
27. Qg2 Qxe3+ 28. Kh1 Rxf1+ 29. Rxf1 g3 30. cxb6 Qh6+ 31. Kg1 Qxb6+ 32. Kh1 Qh6+ 
33. Kg1 Qb6+ 34. Kh1 Qh6+ 35. Kg1 Qb6+ 1/2-1/2

[Event "Monday 22January Rapid Engine Tour 12+1 Rounds 9 Starts 1600 ST"]
[Site "Infinity Chess"]
[Date "2018.1.22"]
[Round "3"]
[White "MarioDeMonti"]
[Black "RonWeasley"]
[Result "1/2-1/2"]
[ECO "E10"]
[WhiteElo "2465"]
[BlackElo "2498"]
[WhiteEngine "stockfish_x64_bmi2_2018_01_13_CTG"]
[BlackEngine "BrainFish 130117_CTG"]
[EventType "Swiss"]
[WhiteTeam ""]
[BlackTeam ""]
[PlyCount "71"]
[TimeControl "720+1"]

1. d4 Nf6 2. c4 e6 3. Nf3 d5 4. Nc3 c6 5. Bg5 h6 6. Bxf6 Qxf6 7. e3 Nd7 
8. Be2 g6 9. O-O Be7 10. Rb1 O-O 11. Qc2 a6 12. b4 b5 13. c5 e5 14. a4 e4 
15. Nd2 Qe6 16. f3 f5 17. fxe4 fxe4 18. Qa2 Bg5 19. axb5 Bxe3+ 20. Kh1 Bxd2 
21. Qxd2 axb5 22. Qxh6 Ra3 23. Rxf8+ Nxf8 24. Rf1 Nh7 25. h3 Rxc3 26. Bg4 Qe8 
27. Bxc8 Qxc8 28. Qxg6+ Kh8 29. Rf7 Qg8 30. Qh5 Rg3 31. Re7 Rxg2 32. Re8 Rg1+ 
33. Kh2 Rg2+ 34. Kh1 Rg1+ 35. Kh2 Rg2+ 36. Kh1 1/2-1/2

[Event "Monday 22January Rapid Engine Tour 12+1 Rounds 9 Starts 1600 ST"]
[Site "Infinity Chess"]
[Date "2018.1.22"]
[Round "3"]
[White "CrapCleaner"]
[Black "Marsell"]
[Result "0-1"]
[ECO "C55"]
[WhiteElo "2486"]
[BlackElo "2472"]
[WhiteEngine "Raubfisch ME262_GTZ16b3._CTG"]
[BlackEngine "asmFishW_2018-01-11_popcnt"]
[EventType "Swiss"]
[WhiteTeam ""]
[BlackTeam ""]
[PlyCount "92"]
[TimeControl "720+1"]

1. e4 e5 2. Nf3 Nc6 3. Bc4 Nf6 4. d3 Bc5 5. O-O d6 6. c3 O-O 7. Bg5 h6 8. Bh4 a6 
9. a4 g5 10. Bg3 Ba7 11. Nbd2 Nh7 12. h3 h5 13. Kh1 Kh8 14. b4 h4 15. Bh2 g4 
16. hxg4 Bxg4 17. b5 Na5 18. Ba2 Ng5 19. d4 h3 20. gxh3 Nxh3 21. Qe1 Rg8 
22. bxa6 Rg7 23. axb7 Nxb7 24. Qe3 Qf6 25. Nxe5 dxe5 26. Bxe5 Qxe5 27. Qh6+ Rh7 
28. Qxh7+ Kxh7 29. dxe5 Nc5 30. Bxf7 Rd8 31. Ra2 Rh8 32. Kg2 Nd3 33. f4 Be2 
34. Kxh3 Kg7+ 35. Bh5 Rxh5+ 36. Kg3 Rh6 37. f5 Rh8 38. a5 Rg8 39. Kh2 Kh6 
40. Rf3 Bg1+ 41. Kh1 Bxf3+ 42. Nxf3 Nf2+ 43. Rxf2 Bxf2 44. e6 Bc5 45. Kh2 Kg7 
46. Kg3 Be3 0-1

[Event "Monday 22January Rapid Engine Tour 12+1 Rounds 9 Starts 1600 ST"]
[Site "Infinity Chess"]
[Date "2018.1.22"]
[Round "3"]
[White "Wolle"]
[Black "Victorious"]
[Result "1-0"]
[ECO "C50"]
[WhiteElo "2475"]
[BlackElo "2516"]
[WhiteEngine "Raubfisch X37a2_CTG"]
[BlackEngine "BugChess2.41_Release"]
[EventType "Swiss"]
[WhiteTeam ""]
[BlackTeam ""]
[PlyCount "197"]
[TimeControl "720+1"]

1. e4 e5 2. Nf3 Nc6 3. Bc4 Bc5 4. O-O Nf6 5. d3 d6 6. c3 O-O 7. h3 a5 8. Nbd2 h6 
9. Re1 Be6 10. b3 Bb6 11. a4 d5 12. Bb5 Ne7 13. exd5 Nfxd5 14. Qc2 c6 
15. Bc4 Ng6 16. d4 Ngf4 17. dxe5 Qc8 18. Bf1 Bxh3 19. gxh3 Nxh3+ 20. Kh2 Nxf2 
21. Nc4 Qg4 22. Nxb6 Qxf3 23. Nxd5 cxd5 24. Re2 Ne4 25. Bg2 Qg3+ 26. Kg1 f5 
27. exf6 Rxf6 28. Re3 Qh4 29. Ra2 Raf8 30. Qd1 Rf5 31. Rh3 Qf6 32. Rc2 Kh7 
33. Be3 Qg6 34. Kh2 Qd6+ 35. Kh1 Qg6 36. Qd4 Re8 37. Rb2 Ree5 38. Kg1 Re7 
39. Qd3 Ref7 40. Kh2 Qd6+ 41. Kh1 Qg6 42. Kh2 Qd6+ 43. Kh1 Qg6 44. Qd4 Re7 
45. Kg1 Ree5 46. c4 Ng3 47. Rf2 Re4 48. Qb6 Qg4 49. Kh2 Rh5 50. cxd5 Nf5 
51. Rxh5 Qxh5+ 52. Kg1 Rg4 53. Qb5 Nxe3 54. Qd3+ Rg6 55. Qxe3 Qxd5 56. Rd2 Qf5 
57. Kh2 Qh5+ 58. Bh3 Qh4 59. Rd4 Rg3 60. Qxg3 Qxd4 61. Bf5+ Kg8 62. Bg6 Kf8 
63. Qb8+ Ke7 64. Qxb7+ Kd8 65. Qb8+ Kd7 66. Qe8+ Kc7 67. Qe7+ Kb8 68. Kh3 Qc3+ 
69. Kh4 Qxb3 70. Qf8+ Ka7 71. Qxg7+ Kb6 72. Qf6+ Ka7 73. Qf7+ Qxf7 74. Bxf7 Kb8 
75. Kh5 Kc7 76. Kxh6 Kd6 77. Kg6 Ke7 78. Kg7 Kd6 79. Kf6 Kc5 80. Ke5 Kb4 
81. Be8 Kc5 82. Bd7 Kc4 83. Kd6 Kb4 84. Kc7 Kc4 85. Kb6 Kd5 86. Kxa5 Kd6 
87. Be8 Kc7 88. Kb5 Kd8 89. Bc6 Kc7 90. a5 Kd8 91. a6 Kc7 92. a7 Kd8 
93. a8=Q+ Ke7 94. Be8 Ke6 95. Qf3 Ke7 96. Kc6 Ke6 97. Qf4 Ke7 98. Qf7+ Kd8 
99. Qd7# 1-0

[Event "Monday 22January Rapid Engine Tour 12+1 Rounds 9 Starts 1600 ST"]
[Site "Infinity Chess"]
[Date "2018.1.22"]
[Round "2"]
[White "Dinkelberger"]
[Black "OlivierEvan"]
[Result "1/2-1/2"]
[ECO "C65"]
[WhiteElo "2394"]
[BlackElo "2389"]
[WhiteEngine "stockfish_17111113_x64_modern_CTG"]
[BlackEngine "Houdini 6"]
[EventType "Swiss"]
[WhiteTeam ""]
[BlackTeam ""]
[PlyCount "85"]
[TimeControl "720+1"]

1. e4 e5 2. Nf3 Nc6 3. Bb5 Nf6 4. O-O Nxe4 5. d4 Nd6 6. Bxc6 dxc6 7. dxe5 Nf5 
8. Qxd8+ Kxd8 9. Nc3 Bd7 10. h3 Be7 11. Ne4 b6 12. g4 Nh4 13. Nxh4 Bxh4 
14. Bg5+ Bxg5 15. Nxg5 Ke7 16. Rad1 Rad8 17. f4 h6 18. Ne4 c5 19. Kf2 Bc6 
20. Ng3 g6 21. Rfe1 Rhg8 22. b3 Rxd1 23. Rxd1 Ke6 24. Nf1 a5 25. Ne3 a4 
26. c4 g5 27. Kg3 f6 28. exf6 Kxf6 29. Nd5+ Bxd5 30. cxd5 gxf4+ 31. Kxf4 axb3 
32. axb3 Rd8 33. h4 b5 34. g5+ hxg5+ 35. hxg5+ Kg6 36. Rh1 Rxd5 37. Rh6+ Kf7 
38. Rc6 Rd4+ 39. Ke5 Rd3 40. Rxc5 Rxb3 41. Kf5 Rf3+ 42. Kg4 Rf1 43. Rxc7+ 
1/2-1/2

[Event "Monday 22January Rapid Engine Tour 12+1 Rounds 9 Starts 1600 ST"]
[Site "Infinity Chess"]
[Date "2018.1.22"]
[Round "2"]
[White "Prometheus"]
[Black "KULLANI"]
[Result "1/2-1/2"]
[ECO "D31"]
[WhiteElo "2412"]
[BlackElo "2426"]
[WhiteEngine "Eman 1.58-64bit-IDeA"]
[BlackEngine "asmfish-popcnt-012018-W_CTG"]
[EventType "Swiss"]
[WhiteTeam ""]
[BlackTeam ""]
[PlyCount "77"]
[TimeControl "720+1"]

1. d4 d5 2. c4 e6 3. Nc3 c6 4. e4 dxe4 5. Nxe4 Bb4+ 6. Nc3 c5 7. Nf3 Nf6 
8. a3 Ba5 9. Qd3 cxd4 10. Nxd4 O-O 11. b4 Bb6 12. c5 Bc7 13. Bg5 h6 14. Bh4 Nc6 
15. Nf3 Qxd3 16. Bxd3 Rd8 17. O-O-O g5 18. Bg3 Bxg3 19. hxg3 g4 20. Nh2 Bd7 
21. Rhe1 Rac8 22. Ne4 Nxe4 23. Bxe4 f5 24. Bc2 a5 25. Bb3 Kf8 26. b5 Ne7 
27. Kb2 Rxc5 28. a4 Nd5 29. Nf1 h5 30. Rd4 Nb6 31. Ne3 Ke7 32. Red1 Re5 
33. R4d3 Re4 34. Ka3 Rb4 35. Rd6 Nc8 36. R6d3 Nb6 37. Rd6 Nc8 38. R6d2 Nb6 
39. Rd6 1/2-1/2

[Event "Monday 22January Rapid Engine Tour 12+1 Rounds 9 Starts 1600 ST"]
[Site "Infinity Chess"]
[Date "2018.1.22"]
[Round "2"]
[White "Satria_Ungu"]
[Black "Thinker"]
[Result "1/2-1/2"]
[ECO "E10"]
[WhiteElo "2421"]
[BlackElo "2419"]
[WhiteEngine "Houdini 6_CTG"]
[BlackEngine "BrainFish_180113_x64_modern_CTG"]
[EventType "Swiss"]
[WhiteTeam ""]
[BlackTeam ""]
[PlyCount "113"]
[TimeControl "720+1"]

1. d4 Nf6 2. c4 e6 3. Nf3 d5 4. Nc3 Be7 5. Bf4 O-O 6. Rc1 c5 7. dxc5 dxc4 
8. Qxd8 Rxd8 9. Bc7 Rd7 10. Bd6 Bxd6 11. cxd6 Rxd6 12. Nb5 Rd7 13. Ne5 Re7 
14. e3 Nc6 15. Nxc6 bxc6 16. Nd6 Ba6 17. Nxc4 Bxc4 18. Bxc4 a5 19. Ke2 a4 
20. Rhd1 Kf8 21. Rd2 Rb7 22. Rcc2 Ne4 23. Rd4 Nf6 24. Kd1 Ke7 25. Kc1 Rd7 
26. Rxd7+ Kxd7 27. a3 Ra5 28. Be2 Nd5 29. g3 Kd6 30. Kd2 g6 31. Bf3 g5 
32. e4 Nf6 33. Ke3 Nd7 34. Be2 f6 35. Rd2+ Ke7 36. Rd4 Nc5 37. Rc4 Kd6 
38. Rc1 Nd7 39. Rd1+ Ke7 40. h4 gxh4 41. gxh4 Ra8 42. Rd2 Nc5 43. Bd1 Rb8 
44. f3 e5 45. Rc2 Rb5 46. Be2 Rb3+ 47. Rc3 Rxc3+ 48. bxc3 Kd6 49. Bd1 Nb3 
50. f4 h6 51. fxe5+ fxe5 52. Bc2 Kc5 53. Kd3 Nc1+ 54. Kd2 Nb3+ 55. Kd3 Nc1+ 
56. Kd2 Nb3+ 57. Kd3 1/2-1/2

[Event "Monday 22January Rapid Engine Tour 12+1 Rounds 9 Starts 1600 ST"]
[Site "Infinity Chess"]
[Date "2018.1.22"]
[Round "2"]
[White "star99"]
[Black "hafaba"]
[Result "1/2-1/2"]
[ECO "A40"]
[WhiteElo "2448"]
[BlackElo "2439"]
[WhiteEngine "Cryptic AIL V1"]
[BlackEngine "Stockfish SL FA POPCNT_CTG"]
[EventType "Swiss"]
[WhiteTeam ""]
[BlackTeam ""]
[PlyCount "156"]
[TimeControl "720+1"]

1. d4 c6 2. e4 d5 3. Nc3 dxe4 4. Nxe4 Bf5 5. Ng3 Bg6 6. Nf3 e6 7. Bc4 Bd6 
8. O-O Nf6 9. Qe2 Nbd7 10. c3 b5 11. Bd3 Bxd3 12. Qxd3 O-O 13. Re1 a5 
14. Bg5 Qc7 15. Ne4 Nxe4 16. Rxe4 e5 17. Re2 h6 18. Bh4 Rae8 19. Rae1 f5 
20. dxe5 Nxe5 21. Nxe5 Rxe5 22. Rxe5 Bxe5 23. h3 g5 24. Bg3 f4 25. Qg6+ Bg7 
26. Bh2 b4 27. cxb4 axb4 28. b3 c5 29. Kh1 c4 30. bxc4 Qxc4 31. Re7 Rf7 
32. Re6 Qxa2 33. Re8+ Rf8 34. Rxf8+ Kxf8 35. Qd6+ Kf7 36. Qxb4 Qxf2 37. Qb7+ Kf6 
38. Qc6+ Kf7 39. Qc7+ Kg6 40. Qc6+ Kf5 41. Qd5+ Be5 42. Bg1 Qe1 43. Qd7+ Ke4 
44. Qc6+ Kf5 45. Qxh6 Bf6 46. Qh7+ Ke6 47. Qd3 Kf7 48. Qh7+ Ke6 49. Qg6 Ke7 
50. Qd3 Ke6 51. Kh2 Qe5 52. Bf2 Qf5 53. Qb3+ Qd5 54. Qc2 Kd7 55. Kg1 Kd6 
56. Qh7 Ke5 57. Qb1 Ke6 58. Qc2 Bd4 59. Qc8+ Kd6 60. Bxd4 Qxd4+ 61. Kh2 Qe5 
62. Qb8+ Ke6 63. Qe8+ Kd5 64. Qa8+ Kc5 65. Qf3 Kd4 66. Qf2+ Ke4 67. Qe2+ Kd4 
68. Qf2+ Kc3 69. Qf3+ Kd2 70. Qf2+ Kc1 71. Qf1+ Kd2 72. Qf2+ Kc1 73. g3 Qe3 
74. Kg2 Kd1 75. gxf4 gxf4 76. Qf1+ Kd2 77. Qf2+ Kc3 78. Qf3 Kd4 1/2-1/2

[Event "Monday 22January Rapid Engine Tour 12+1 Rounds 9 Starts 1600 ST"]
[Site "Infinity Chess"]
[Date "2018.1.22"]
[Round "2"]
[White "ocirema"]
[Black "Katzenmaier"]
[Result "1/2-1/2"]
[ECO "C77"]
[WhiteElo "2448"]
[BlackElo "2448"]
[WhiteEngine "asmfish-popcnt-012018-W_CTG"]
[BlackEngine "SugaR XPrO x64 POPCNT_CTG"]
[EventType "Swiss"]
[WhiteTeam ""]
[BlackTeam ""]
[PlyCount "75"]
[TimeControl "720+1"]

1. e4 e5 2. Nf3 Nc6 3. Bb5 a6 4. Ba4 Nf6 5. O-O Be7 6. Re1 b5 7. Bb3 O-O 
8. c3 d5 9. exd5 Nxd5 10. Nxe5 Nxe5 11. Rxe5 c6 12. d4 Bd6 13. Re1 Qh4 
14. g3 Qh3 15. Be3 Bg4 16. Qd3 Rae8 17. Nd2 Re6 18. a4 Qh5 19. axb5 axb5 
20. Nf1 Bf5 21. Qd2 Bh3 22. Bd1 Qg6 23. Bf3 Qf5 24. Qd1 h5 25. Ra6 Bc7 
26. Bh1 h4 27. Bd2 Rf6 28. Qe2 Re6 29. Qf3 Rxe1 30. Bxe1 Bf4 31. Bg2 Bg4 
32. Qe4 Qc8 33. Ra1 Re8 34. Qc2 Bf5 35. Qd1 Bg4 36. Qc2 Bf5 37. Qd1 Bg4 38. Qc2 
1/2-1/2

[Event "Monday 22January Rapid Engine Tour 12+1 Rounds 9 Starts 1600 ST"]
[Site "Infinity Chess"]
[Date "2018.1.22"]
[Round "2"]
[White "SkyPilot"]
[Black "KhalidOmar"]
[Result "1/2-1/2"]
[ECO "C55"]
[WhiteElo "2462"]
[BlackElo "2462"]
[WhiteEngine "stockfish_x64_bmi2_2018_01_13_CTG"]
[BlackEngine "Eman 1.66 64-bit BMI2"]
[EventType "Swiss"]
[WhiteTeam ""]
[BlackTeam ""]
[PlyCount "74"]
[TimeControl "720+1"]

1. e4 e5 2. Nf3 Nc6 3. Bc4 Nf6 4. d3 Bc5 5. c3 a5 6. O-O d6 7. Re1 O-O 
8. Nbd2 Be6 9. Bb5 Ne7 10. d4 Ba7 11. Nf1 exd4 12. Nxd4 Ng6 13. Ba4 h6 
14. Nxe6 fxe6 15. Be3 Bxe3 16. Nxe3 Kh8 17. Bc2 Nd7 18. g3 Qg5 19. Ng2 Qc5 
20. Ne3 Nde5 21. f4 Nxf4 22. gxf4 Rxf4 23. Kh1 Raf8 24. Re2 Rf2 25. Qe1 R2f3 
26. b4 Qb6 27. bxa5 Qc5 28. Rb1 Rh3 29. Qg1 Nf3 30. Qg4 Rxh2+ 31. Rxh2 Nxh2 
32. Qg3 Nf3 33. Nf5 Qxc3 34. Rb3 Qa1+ 35. Rb1 Qc3 36. Rb3 Qa1+ 37. Rb1 Qc3 
1/2-1/2

[Event "Monday 22January Rapid Engine Tour 12+1 Rounds 9 Starts 1600 ST"]
[Site "Infinity Chess"]
[Date "2018.1.22"]
[Round "2"]
[White "Eman"]
[Black "MarioDeMonti"]
[Result "1/2-1/2"]
[ECO "E04"]
[WhiteElo "2475"]
[BlackElo "2465"]
[WhiteEngine "Eman 1.66 64-bit POPCNT"]
[BlackEngine "stockfish_x64_bmi2_2018_01_13_CTG"]
[EventType "Swiss"]
[WhiteTeam ""]
[BlackTeam ""]
[PlyCount "124"]
[TimeControl "720+1"]

1. d4 Nf6 2. c4 e6 3. g3 d5 4. Bg2 dxc4 5. Nf3 Bb4+ 6. Bd2 a5 7. Qc2 Nc6 
8. Qxc4 Qd5 9. Qd3 Qf5 10. Qxf5 exf5 11. a3 Bd6 12. Nc3 Be6 13. Rc1 O-O 
14. Nb5 Ra6 15. O-O Rb6 16. a4 Bb3 17. Be3 Ng4 18. Nd2 Bxa4 19. Nxd6 cxd6 
20. Nc4 Ra6 21. Ra1 Nxe3 22. fxe3 Bc2 23. Bxc6 Rxc6 24. Nxa5 Rb6 25. Nc4 Rc6 
26. Nd2 Be4 27. Kf2 Rc2 28. Nxe4 fxe4 29. Rfb1 f5 30. Ra5 g6 31. Rb5 Rf7 
32. Ra1 Rd7 33. Ra8+ Kf7 34. h3 h5 35. Rh8 Kf6 36. Rf8+ Ke7 37. Rb8 Rcc7 
38. Rh8 Kf7 39. Rb6 Kg7 40. Rb8 Kf6 41. h4 Ke6 42. Rb5 Kf7 43. Ke1 Rc1+ 
44. Kd2 Rg1 45. R8xb7 Rxb7 46. Rxb7+ Ke6 47. Rg7 Rxg3 48. b4 Rg1 49. b5 Kf6 
50. Rb7 Rb1 51. Kc3 g5 52. hxg5+ Kxg5 53. Kc2 Rb4 54. Kc3 Rb1 55. Rb8 Kh4 
56. Kc2 Re1 57. Kd2 Rb1 58. Kc3 Kg3 59. Kc2 Rb4 60. Kc3 Rb1 61. Kc2 Rb4 
62. Kc3 Rb1 1/2-1/2

[Event "Monday 22January Rapid Engine Tour 12+1 Rounds 9 Starts 1600 ST"]
[Site "Infinity Chess"]
[Date "2018.1.22"]
[Round "2"]
[White "RonWeasley"]
[Black "xeonrocks"]
[Result "1/2-1/2"]
[ECO "C55"]
[WhiteElo "2496"]
[BlackElo "2540"]
[WhiteEngine "BrainFish 130117_CTG"]
[BlackEngine "asmFishW_CTG"]
[EventType "Swiss"]
[WhiteTeam ""]
[BlackTeam ""]
[PlyCount "137"]
[TimeControl "720+1"]

1. e4 e5 2. Nf3 Nc6 3. Bc4 Nf6 4. d3 Bc5 5. c3 a5 6. Bg5 h6 7. Bh4 g5 8. Bg3 d6 
9. O-O O-O 10. Bb3 g4 11. Nh4 Nh5 12. a4 Qg5 13. Nd2 Kh8 14. Qe2 Ne7 15. Nc4 Ba7 
16. Rad1 f5 17. exf5 Nxf5 18. Nxf5 Bxf5 19. d4 exd4 20. cxd4 Rae8 21. Ne3 Nxg3 
22. hxg3 c5 23. dxc5 Bxc5 24. Rd5 Rxe3 25. fxe3 Bxe3+ 26. Rf2 Bd3 27. Qxd3 Bxf2+ 
28. Kh2 Qe3 29. Qxe3 Bxe3 30. Bd1 Bc5 31. Bxg4 Re8 32. Bf5 Kg7 33. Bd3 Re3 
34. Bc4 Kf6 35. Rh5 Kg6 36. Rd5 Re5 37. g4 Rxd5 38. Bxd5 Bf2 39. Bxb7 Kg5 
40. Kh3 Kf4 41. b3 Bg3 42. Bf3 Be1 43. Bc6 Ke5 44. Kh2 Bf2 45. g3 d5 46. Kg2 Ba7 
47. Kf3 Kd4 48. Ba8 Bb8 49. Bc6 Kc5 50. Bb7 Kd4 51. Bc6 Kc5 52. Bb7 Bd6 
53. Ba8 Kd4 54. Bc6 Bb4 55. Bb7 Bd6 56. Ba8 Bf8 57. Bb7 Ba3 58. Bc6 Bc5 
59. Bb7 Bf8 60. Kf4 Bd6+ 61. Kf5 Bxg3 62. Ke6 Ke4 63. Bxd5+ Kf4 64. Kf6 Kxg4 
65. Bc4 Bh4+ 66. Kg6 Bg5 67. b4 axb4 68. a5 b3 69. Bxb3 1/2-1/2

[Event "Monday 22January Rapid Engine Tour 12+1 Rounds 9 Starts 1600 ST"]
[Site "Infinity Chess"]
[Date "2018.1.22"]
[Round "2"]
[White "Marsell"]
[Black "Wolle"]
[Result "1/2-1/2"]
[ECO "C53"]
[WhiteElo "2472"]
[BlackElo "2475"]
[WhiteEngine "asmFishW_2018-01-11_popcnt"]
[BlackEngine "Raubfisch X37a2_CTG"]
[EventType "Swiss"]
[WhiteTeam ""]
[BlackTeam ""]
[PlyCount "115"]
[TimeControl "720+1"]

1. e4 e5 2. Nf3 Nc6 3. Bc4 Bc5 4. c3 Nf6 5. d3 O-O 6. O-O Bb6 7. Bg5 h6 
8. Bh4 d6 9. Nbd2 a6 10. a4 g5 11. Bg3 Nh7 12. h3 h5 13. Kh1 Kh8 14. b4 Qf6 
15. Bd5 g4 16. Nh4 Ne7 17. Bb3 Qg7 18. Kh2 Ba7 19. Nc4 Be6 20. b5 Bc5 
21. bxa6 Rxa6 22. Rb1 Rg8 23. Nd2 Bd7 24. hxg4 Bxg4 25. Ndf3 Ng6 26. Nxg6+ Qxg6 
27. Nh4 Qg7 28. Qd2 Be6 29. Bxe6 fxe6 30. Rxb7 Nf6 31. Qc2 Ng4+ 32. Kh1 Bb6 
33. Qb3 Ne3 34. Rb1 Nxg2 35. Qd1 Nf4 36. Bxf4 exf4 37. Rb5 e5 38. Qxh5+ Qh7 
39. Qxh7+ Kxh7 40. Nf5 f3 41. Rb2 Kh8 42. Ra2 Raa8 43. a5 Rxa5 44. Rxa5 Bxa5 
45. Nh4 Kg7 46. Nxf3 Bb6 47. Nd2 Kf6 48. Nc4 Bxf2 49. Rxc7 Bc5 50. Rc6 Ke7 
51. Kh2 Rh8+ 52. Kg2 Rb8 53. Nxe5 Rb3 54. d4 Rxc3 55. Nf3 Rxf3 56. Kxf3 Bxd4 
57. Rc7+ Ke6 58. Rh7 1/2-1/2

[Event "Monday 22January Rapid Engine Tour 12+1 Rounds 9 Starts 1600 ST"]
[Site "Infinity Chess"]
[Date "2018.1.22"]
[Round "2"]
[White "Victorious"]
[Black "CrapCleaner"]
[Result "1/2-1/2"]
[ECO "D31"]
[WhiteElo "2517"]
[BlackElo "2485"]
[WhiteEngine "BugChess2.41_Release"]
[BlackEngine "Raubfisch ME262_GTZ16b3._CTG"]
[EventType "Swiss"]
[WhiteTeam ""]
[BlackTeam ""]
[PlyCount "140"]
[TimeControl "720+1"]

1. d4 d5 2. c4 e6 3. Nc3 c6 4. e4 dxe4 5. Nxe4 Bb4+ 6. Bd2 Qxd4 7. Bxb4 Qxe4+ 
8. Be2 Na6 9. Ba5 b6 10. Qd6 Bd7 11. Bc3 f6 12. Nf3 Nh6 13. Rd1 Rd8 14. Qa3 Bc8 
15. Nd2 Qf4 16. Bh5+ Nf7 17. O-O Qd6 18. b4 Qe7 19. Ne4 O-O 20. c5 Rd5 
21. Be2 b5 22. Rde1 Nc7 23. Qb2 e5 24. f4 Be6 25. Bd1 Rdd8 26. fxe5 fxe5 
27. Bxe5 Nxe5 28. Qxe5 Rxf1+ 29. Rxf1 Re8 30. Qg3 Rf8 31. Rxf8+ Kxf8 32. a3 Bd5 
33. Bc2 g6 34. Qf4+ Kg7 35. h4 Bf7 36. h5 gxh5 37. Nd6 Bg6 38. Nf5+ Bxf5 
39. Qxf5 Qe1+ 40. Kh2 Qh4+ 41. Qh3 Qxh3+ 42. gxh3 h4 43. Kg2 Kf6 44. Bxh7 Ne6 
45. Be4 Nd4 46. Kf2 Ke5 47. Ke3 Nf5+ 48. Kf3 Nd4+ 49. Ke3 Nf5+ 50. Kd3 Ne7 
51. Bh1 Kf4 52. Kd4 Nf5+ 53. Kc3 Ne7 54. Kd4 Nf5+ 55. Kc3 Ne7 56. Kd3 Ng6 
57. Bg2 Ne7 58. Ke2 Nf5 59. Kf2 Nd4 60. Bh1 a6 61. Bg2 Nc2 62. Bxc6 Nxa3 
63. Bh1 Ke5 64. Bb7 Nc2 65. Bxa6 Nxb4 66. Bxb5 Kd5 67. c6 Nxc6 68. Ke3 Nd4 
69. Ba4 Ne6 70. Kf3 Nd4+ 1/2-1/2

[Event "Monday 22January Rapid Engine Tour 12+1 Rounds 9 Starts 1600 ST"]
[Site "Infinity Chess"]
[Date "2018.1.22"]
[Round "1"]
[White "ivrdurant"]
[Black "ocirema"]
[Result "1/2-1/2"]
[ECO "C55"]
[WhiteElo "2369"]
[BlackElo "2451"]
[WhiteEngine "Raubfisch X37b3._CTG"]
[BlackEngine "asmfish-popcnt-012018-W_CTG"]
[EventType "Swiss"]
[WhiteTeam ""]
[BlackTeam ""]
[PlyCount "117"]
[TimeControl "720+1"]

1. e4 e5 2. Nf3 Nc6 3. Bc4 Nf6 4. d3 Bc5 5. c3 d6 6. O-O O-O 7. h3 a6 8. Bb3 Ba7 
9. Nbd2 h6 10. Re1 Re8 11. Nf1 Be6 12. Bc2 d5 13. exd5 Nxd5 14. Ng3 Qd6 
15. Nh4 Qc5 16. Qe2 Kh8 17. Nhf5 Qf8 18. Qf3 Rad8 19. Bd2 Nde7 20. Rad1 f6 
21. Nxe7 Rxe7 22. a4 Bd5 23. Qh5 Red7 24. Nf5 Qf7 25. Qg4 Be6 26. Qf3 Bd5 
27. Qg4 Be6 28. Qf3 Bb3 29. Bxb3 Qxb3 30. Qh5 Qf7 31. Qxf7 Rxf7 32. Be3 Bxe3 
33. fxe3 Kh7 34. b4 g6 35. Ng3 f5 36. Nf1 Rfd7 37. d4 Ne7 38. Rc1 Nd5 
39. dxe5 Nb6 40. e4 f4 41. e6 Rd6 42. a5 Nc4 43. e5 Rxe6 44. Re4 Nxe5 
45. Nh2 Rde8 46. Rxf4 g5 47. Re4 Nd7 48. Rxe6 Rxe6 49. Ng4 Kg6 50. Kf2 Nf6 
51. Nxf6 Rxf6+ 52. Ke2 h5 53. g3 g4 54. hxg4 hxg4 55. Rd1 Re6+ 56. Kf2 Rf6+ 
57. Ke2 Re6+ 58. Kf2 Rf6+ 59. Ke2 1/2-1/2

[Event "Monday 22January Rapid Engine Tour 12+1 Rounds 9 Starts 1600 ST"]
[Site "Infinity Chess"]
[Date "2018.1.22"]
[Round "1"]
[White "Katzenmaier"]
[Black "BraveDevil"]
[Result "1/2-1/2 "]
[ECO "A05"]
[WhiteElo "2451"]
[BlackElo "2374"]
[WhiteEngine "SugaR XPrO x64 POPCNT_CTG"]
[BlackEngine "Cryptic AIL V1"]
[EventType "Swiss"]
[WhiteTeam ""]
[BlackTeam ""]
[PlyCount "153"]
[TimeControl "720+1"]

1. Nf3 Nf6 2. d4 d5 3. c4 e6 4. e3 Bd6 5. c5 Be7 6. b4 b6 7. Qc2 c6 8. a4 O-O 
9. Bd3 Ba6 10. b5 Bb7 11. Ba3 bxc5 12. dxc5 Nbd7 13. Nbd2 e5 14. Bf5 g6 
15. Bh3 Re8 16. O-O Rb8 17. e4 dxe4 18. Ng5 Nd5 19. Ndxe4 f5 20. Ne6 Qa5 
21. Rfd1 fxe4 22. Bb2 Qb4 23. Rab1 e3 24. Bxe5 Qh4 25. Bg3 Qf6 26. Rxd5 exf2+ 
27. Bxf2 cxd5 28. c6 Nf8 29. Nc7 Bxc6 30. bxc6 Rxb1+ 31. Qxb1 Rb8 32. Qc1 Ba3 
33. Nxd5 Qe5 34. Qd1 Rd8 35. g3 Rxd5 36. Qxd5+ Qxd5 37. c7 Bc5 38. c8=Q Bxf2+ 
39. Kxf2 Qd4+ 40. Kg2 Qe4+ 41. Kf1 Qxa4 42. Be6+ Kg7 43. Qc3+ Kh6 44. Bc4 Qd7 
45. h4 Qe7 46. Qd4 g5 47. hxg5+ Qxg5 48. Kg2 a5 49. Bf7 Qe7 50. Qd2+ Kg7 
51. Bd5 Qb4 52. Qc1 a4 53. Qa1+ Kh6 54. Qc1+ Kg6 55. Bc4 a3 56. Qf4 Qb7+ 
57. Kh2 Qb2+ 58. Kh3 Qf6 59. Qe3 Kg7 60. Qxa3 Ng6 61. Qa7+ Ne7 62. g4 Qf3+ 
63. Kh4 Qf6+ 64. Kg3 h6 65. g5 hxg5 66. Bd3 Qd6+ 67. Kf2 Kh6 68. Qa6 Qxa6 
69. Bxa6 Kh5 70. Bf1 Kg4 71. Bc4 Ng6 72. Kg2 Kh4 73. Kg1 g4 74. Bd5 g3 
75. Bh1 Kh3 76. Bg2+ Kg4 77. Bf1 1/2-1/2